 Seeded DCSS version 0.29-a0-22-gbf593b16ee (webtiles) character file.

Game seed: 11 (custom seed)

1836 knot the Chopper (level 8, 0/90 HPs)
             Began as a Demonspawn Berserker on Jan 30, 2022.
             Was a Believer of Trog.
             Succumbed to a killer bee's poison
             ... on level 6 of the Dungeon.
             The game lasted 00:09:46 (9796 turns).

knot the Chopper (Demonspawn Berserker)             Turns: 9796, Time: 00:09:49

Health: 0/90       AC: 24    Str: 17    XL:     8   Next: 87%
Magic:  8/8        EV:  2    Int: 12    God:    Trog [**....]
Gold:   310        SH:  0    Dex: 12    Spells: 7/7 levels left

rFire   . . .      SeeInvis .   a - +0 hand axe
rCold   . . .      Faith    .   (no shield)
rNeg    . . .      Spirit   .   (armour currently unavailable)
rPois   +          Reflect  .   (helmet currently unavailable)
rElec   .          Harm     .   (cloak currently unavailable)
rCorr   .          Rampage  .   (gloves currently unavailable)
Will    .....      NoTele   +   (boots currently unavailable)
Stlth   +.........              y - amulet of magic regeneration
HPRegen 0.25/turn               (no ring)
MPRegen 0.51/turn               (no ring)

@: lethally poisoned (0 -> -10), tree-form, on berserk cooldown, slowed, very
slow
A: stationary, stasis, torment immunity, boosted hp, powered by death 2, (sturdy
frame 1), (weakness stinger 1)
a: Renounce Religion, Berserk, Trog's Hand


You were on level 6 of the Dungeon.
You worshipped Trog.
Trog was pleased with you.
You were a tree.
You visited 1 branch of the dungeon, and saw 6 of its levels.
You also visited: Sewer.

You collected 310 gold pieces.

Inventory:

Hand Weapons
 a - a +0 hand axe (weapon)
Missiles
 d - 111 stones
 e - 44 bolts
 j - 14 arrows
 k - 3 boomerangs (quivered)
 s - 2 atropa-tipped darts
Armour
 b - a +0 animal skin (melded)
 z - a +0 pair of boots (melded)
 D - a scarf of resistance (melded)
 H - a +0 pair of gloves (melded)
Jewellery
 y - an amulet of magic regeneration (around neck)
Wands
 A - a wand of charming (5)
Scrolls
 f - 12 scrolls of identify {unknown}
 m - a scroll of enchant weapon {unknown}
 n - 4 scrolls of teleportation {unknown}
 o - 2 scrolls of fog {unknown}
 r - a scroll of summoning {unknown}
 v - 2 scrolls of fear {unknown}
 E - a scroll of vulnerability {unknown}
 F - a scroll of immolation {unknown}
 G - a scroll of blinking {unknown}
Potions
 c - 5 potions of brilliance {unknown}
 g - 3 potions of mutation {unknown}
 h - a potion of attraction {unknown}
 i - 2 potions of lignification
 l - 3 potions of curing {unknown}
 p - 2 potions of magic {unknown}
 q - 4 potions of degeneration {unknown}
 t - 2 potions of cancellation {unknown}
 u - a potion of berserk rage {unknown}
 w - 2 potions of flight {unknown}
 x - 2 potions of invisibility {unknown}
 B - a potion of haste {unknown}
 C - 2 potions of might {unknown}


   Skills:
 - Level 3.7 Fighting
 * Level 7.6 Axes
 * Level 6.6 Throwing
 - Level 2.7 Armour
 - Level 2.7 Dodging


You had 7 spell levels left.
You didn't know any spells.
Your spell library contained the following spells:

 Spells                   Type           Power      Damage    Failure   Level
 Frozen Ramparts          Ice            0%         1d2       69%         3
 Ice Form                 Ice/Tmut       0%         N/A       97%         4
 Summon Ice Beast         Ice/Summ       0%         N/A       97%         4


Dungeon Overview and Level Annotations

Branches:
Dungeon (6/15)              Sewer (visited)
 Temple: D:4-7

Altars:
Ashenzari
Cheibriados
Dithmenos
Elyvilon
Makhleb
Ru
Trog
Vehumet
Yredelemnul


Innate Abilities, Weirdness & Mutations

You are a tree.
Your roots penetrate the ground, keeping you stationary.
You cannot be teleported.
You are immune to unholy pain and torment.
Your maximum health is greatly increased.
Your equipment is partially melded.
You regenerate health from kills.
((Your movements are slightly less encumbered by armour. (ER -2)))
((You have a small tail.))


Message History

The killer bee poisons you!
You closely miss the killer bee.
The killer bee is heavily wounded.
You feel very sick. The killer bee barely misses you.
You miss the killer bee.
The killer bee is heavily wounded.
You feel sick. The killer bee stings you.
You miss the killer bee.
The killer bee is heavily wounded.
You feel sick. The killer bee stings you. x2
You miss the killer bee.
The killer bee is heavily wounded.
You feel sick. The killer bee misses you.
You hit the killer bee.
The killer bee is severely wounded.
You are no longer berserk.
You are exhausted.
You feel yourself slow down.
You feel sick. The killer bee stings you.
* * * LOW HITPOINT WARNING * * *
You miss the killer bee.
The killer bee is severely wounded.
You feel sick. The killer bee stings you.
* * * LOW HITPOINT WARNING * * *
You are lethally poisoned!
The killer bee poisons you! The killer bee closely misses you. x2
You miss the killer bee.
The killer bee is severely wounded.
* * * LOW HITPOINT WARNING * * *
You feel very sick. The killer bee misses you. The killer bee stings you.
* * * LOW HITPOINT WARNING * * *
Unknown command.
It was a potion of lignification.
You turn into a tree.
Your scarf of resistance melds into your body.
Your +0 pair of gloves melds into your body.
Your +0 pair of boots melds into your body.
Your +0 animal skin melds into your body.
You feel hot and cold all over.
Your roots penetrate the ground.
You die...

.###.#.#.####
#.#.#
.........<...
#.#.#
#######..###.
#.#.# #......
#.#.# #.....#
#.#.# #...#.#
#.#.# #...#.#
##.#.########
#.#.#.#
#....♣yy.....
#.#.#.#
##.##########
#.#...# #.#
#.##### #.# #.#
#.# #.# #.# #.#
#.#############.#
#...............#
#################


You could see 2 killer bees.

Vanquished Creatures
  Eustachio (D:4)
  2 sky beasts (D:6)
  4 ogres (D:5)
  A centaur (D:5)
  2 necrophages
  2 phantoms
  A wyvern zombie (D:5)
  2 scorpions
  2 wyvern skeletons (D:6)
  A killer bee (D:6)
  2 hounds
  2 bullfrog skeletons
  2 iguanas
  A howler monkey zombie (D:6)
  4 gnolls
  A howler monkey skeleton (D:6)
  5 adders
  7 river rats
  A worm (D:2)
  A dart slug (D:3)
  An orc (D:3)
  6 endoplasms
  4 giant cockroaches
  4 goblins
  3 hobgoblins
  4 jackals
  2 quokkas
  11 ball pythons
  8 bats
  5 frilled lizards
  7 kobolds
  16 rats
115 creatures vanquished.

Vanquished Creatures (collateral kills)
  A killer bee (D:6)
1 creature vanquished.

Vanquished Creatures (others)
  A killer bee (D:6)
1 creature vanquished.

Grand Total: 117 creatures vanquished

Notes
Turn   | Place    | Note
-------+----------+-------------------------------------------
     0 | D:1      | knot the Demonspawn Berserker began the quest for the Orb.
     0 | D:1      | Reached XP level 1. HP: 18/18 MP: 1/1
   163 | D:1      | Gained mutation: You regenerate a little health from kills.
                  | [demonic ancestry]
   163 | D:1      | Reached XP level 2. HP: 24/24 MP: 2/2
   593 | D:1      | Found a faded altar of an unknown god.
   639 | D:1      | Reached skill level 3 in Axes
   966 | D:2      | Gained mutation: Your movements are slightly less
                  | encumbered by armour. (ER -2) [demonic ancestry]
   966 | D:2      | Reached XP level 3. HP: 19/29 MP: 3/3
  1052 | D:2      | Reached ** piety under Trog
  2220 | D:3      | Found a glowing drain.
  2225 | D:3      | Reached XP level 4. HP: 35/35 MP: 4/4
  2273 | Sewer    | Entered a sewer
  3184 | Sewer    | Reached *** piety under Trog
  3185 | Sewer    | Reached XP level 5. HP: 27/42 MP: 5/5
  3768 | D:3      | Found a shadowy altar of Dithmenos.
  3771 | D:3      | Found a bloodstained altar of Trog.
  3772 | D:3      | Found a basalt altar of Yredelemnul.
  3772 | D:3      | Found a radiant altar of Vehumet.
  3772 | D:3      | Found a burning altar of Makhleb.
  3774 | D:3      | Found a broken altar of Ashenzari.
  3775 | D:3      | Found a snail-covered altar of Cheibriados.
  3777 | D:3      | Found a sacrificial altar of Ru.
  4166 | D:3      | Reached skill level 1 in Throwing
  4794 | D:4      | Reached skill level 4 in Axes
  4940 | D:4      | Gained mutation: You have a small tail. [demonic ancestry]
  4940 | D:4      | Reached XP level 6. HP: 48/48 MP: 6/6
  5422 | D:4      | Noticed Eustachio
  5435 | D:4      | Killed Eustachio
  5637 | D:4      | Reached skill level 5 in Axes
  5637 | D:4      | Gained mutation: You regenerate health from kills. [demonic
                  | ancestry]
  5637 | D:4      | Reached XP level 7. HP: 53/53 MP: 7/7
  6254 | D:5      | Entered Level 5 of the Dungeon
  6835 | D:5      | Reached skill level 6 in Axes
  7223 | D:5      | Reached skill level 5 in Throwing
  7223 | D:5      | Reached XP level 8. HP: 54/60 MP: 8/8
  8823 | D:6      | Reached skill level 7 in Axes
  9795 | D:6      | HP: 3/60 [poisoned by a killer bee]
  9796 | D:6      | Succumbed to a killer bee's poison

Illustrated notes

Levels and vault maps discovered:
D:1:      minmay_arrival_nine_rooms, layout_rooms, basic_ecumenical_altar
D:2:      layout_basic
D:3:      layout_loops_ring, minitemple, portal_sewer_entry_b,
          lemuel_old_faithful
D:4:      layout_basic, uniq_eustachio
D:5:      layout_layer_cave, minivault_24
D:6:      minmay_chambers_of_threes, layout_basic

Skill      XL: |  1  2  3  4  5  6  7  8 |
---------------+-------------------------+-----
Armour         | 2 |  2.7
Dodging        | 2 |  2.7
Axes           | 3 4 5 6 7 |  7.6
Throwing       | 2 3 5 6 |  6.6
Fighting       | |  3.7

Action                   |  1- 3 |  4- 6 |  7- 9 || total
-------------------------+-------+-------+-------++-------
Melee: Hand axe          |   138 |   129 |   115 ||   382
       Punch             |     4 |     1 |     1 ||     6
       Tailslap          |       |     5 |    18 ||    23
Throw: Boomerang         |       |    33 |    67 ||   100
Invok: Berserk           |     3 |     8 |     9 ||    20
       Trog's Hand       |       |       |     1 ||     1
Evoke: Wand              |       |       |     1 ||     1
  Use: Potion            |       |       |     1 ||     1
 Stab: Sleeping          |     1 |     1 |     1 ||     3
Armor: Animal skin       |    48 |     8 |    10 ||    66
Dodge: Dodged            |   114 |    76 |    75 ||   265

Table legend: (Time is in decaauts)
 A = Elapsed time spent in this place.
 B = Non-inter-level travel time spent in this place.
 C = Inter-level travel time spent in this place.
 D = Time resting spent in this place.
 E = Time spent auto-exploring this place.
 F = Levels seen in this place.
 G = Mean time per level.
                   A        B        C        D        E       F      G
               +--------+--------+--------+--------+--------+-----+--------+
         Total |  10062 |   9804 |    258 |   3566 |   5188 |   7 | 1437.4 |
       Dungeon |   8640 |   8382 |    258 |   2631 |   4906 |   6 | 1440.0 |
         Sewer |   1421 |   1421 |      0 |    935 |    281 |   1 | 1421.0 |
               +--------+--------+--------+--------+--------+-----+--------+

Top non-repeatable levels by time:
     D:5: 2053 daAuts
     D:4: 1577 daAuts
     D:6: 1566 daAuts
   Sewer: 1421 daAuts
     D:3: 1312 daAuts
     D:2: 1302 daAuts
     D:1: 828 daAuts
